 Dungeon Crawl Stone Soup version 0.23.2-1-ga50397a (webtiles) character file.

Game seed: 6895527293687954899

611 Fang the Skirmisher (level 7, -1/66 HPs)
             Began as a Gargoyle Berserker on Apr 24, 2019.
             Was a Priest of Trog.
             Slain by a gnoll
             ... wielding a +0 halberd
              (5 damage)
             ... on level 4 of the Dungeon.
             The game lasted 00:03:19 (2967 turns).

Fang the Skirmisher (Gargoyle Berserker)            Turns: 2967, Time: 00:03:20

Health: -1/66      AC: 14    Str: 28    XL:     7   Next: 43%
Magic:  7/7        EV: 11    Int:  7    God:    Trog [***...]
Gold:   293        SH:  0    Dex:  9    Spells: 6/6 levels left

rFire    . . .     SeeInvis +   a - +0 hand axe
rCold    . . .     Gourm    .   (no shield)
rNeg     + . .     Faith    .   b - +0 chain mail
rPois    ∞         Spirit   .   (no helmet)
rElec    +         Reflect  .   (no cloak)
rCorr    .         Harm     .   (no gloves)
MR       .....                  (no boots)
Stlth    ..........             k - amulet of the acrobat
HPRegen  0.21/turn              h - +1 ring of evasion
MPRegen  0.10/turn              d - ring of see invisible

@: berserking, starving, very quick
A: negative energy resistance 1, electricity resistance, unbreathing,
petrification resistance, rot immunity, AC +4
a: Berserk, Trog's Hand, Renounce Religion


You were on level 4 of the Dungeon.
You worshipped Trog.
Trog was most pleased with you.
You were starving.

You visited 1 branch of the dungeon, and saw 4 of its levels.

You collected 293 gold pieces.

Inventory:

Hand Weapons
 a - a +0 hand axe (weapon)
Armour
 b - a +0 chain mail (worn)
Jewellery
 d - a ring of see invisible (right hand)
 h - a +1 ring of evasion (left hand)
 k - an amulet of the acrobat (around neck)
 x - the ring "Duibaim" {*Tele Int-2 Dex+4}
   (You found it on level 4 of the Dungeon)

   [ring of teleportation]

   It may teleport you next to monsters.
   It affects your intelligence (-2).
   It affects your dexterity (+4).
Wands
 m - a wand of scattershot (6)
Scrolls
 g - 3 scrolls of noise {unknown}
 j - a scroll of fear {unknown}
 p - 2 scrolls of random uselessness {unknown}
 q - 2 scrolls of teleportation {unknown}
 r - a scroll of immolation {unknown}
 t - a scroll of identify {unknown}
 u - 2 scrolls of enchant armour {unknown}
 w - a scroll of remove curse {unknown}
Potions
 e - 2 potions of might {unknown}
 f - 3 potions of curing {unknown}
 i - 4 potions of lignification {unknown}
 l - a potion of haste {unknown}
 n - 4 potions of heal wounds {unknown}
 o - a potion of resistance
 s - a potion of agility {unknown}
 v - a potion of mutation {unknown}
 z - a potion of ambrosia {unknown}
Comestibles
 c - 9 rations


   Skills:
 + Level 5.3 Fighting
 + Level 4.4 Axes
 + Level 4.7 Armour
 + Level 3.5 Dodging


You had 6 spell levels left.
You didn't know any spells.
Your spell library was empty.

Dungeon Overview and Level Annotations

Branches:
Dungeon (4/15)
 Temple: D:4-7

Altars:
Cheibriados
Qazlal


Innate Abilities, Weirdness & Mutations

You are resistant to torment.
Your stone body is resilient. (AC +4)
You are immune to poison.
You resist negative energy. (rN+)
You are resistant to electric shocks. (rElec)
You can survive without breathing.
You are immune to petrification.
You are immune to rotting.


Message History

The gnoll hits you but does no damage. x2
You barely miss the gnoll.
The gnoll is severely wounded.
You hit the gnoll. You hit the killer bee. You miss the killer bee.
The killer bee closely misses you.
The killer bee stings you but does no damage.
The gnoll hits you with a +0 whip.
* * * LOW HITPOINT WARNING * * *
The killer bee stings you but does no damage.
The killer bee misses you.
You slash the gnoll!
You kill the gnoll!
Trog accepts your kill.
You barely miss the killer bee. x2; You hit the gnoll.
You kill the gnoll!
Trog accepts your kill. The killer bee closely misses you.
The killer bee stings you but does no damage.
The gnoll hits you from afar with a +0 halberd.
You die...

....... ........
...............
........................
........................
........................
........................
...............g........
................))......
...............y@y......
........................
........................
........................
........................
........................
........................
........................
........................


You could see 2 killer bees and a gnoll.

Vanquished Creatures
  Sigmund (D:3)
  2 killer bees (D:4)
  Jessica (D:3)
  Natasha (thrice) (D:2)
  2 worker ants (D:4)
  A hound skeleton (D:3)
  Robin (D:3)
  2 gnolls (D:4)
  7 adders
  An ooze (D:3)
  5 worms
  2 dart slugs
  A leopard gecko (D:2)
  3 orcs (D:3)
  4 giant cockroaches
  13 goblins
  11 hobgoblins
  8 kobolds
  A quokka (D:2)
  A ball python (D:2)
  3 bats
  4 frilled lizards
  5 rats
82 creatures vanquished.

Notes
Turn   | Place    | Note
-------+----------+-------------------------------------------
     0 | D:1      | Fang the Gargoyle Berserker began the quest for the Orb.
     0 | D:1      | Reached XP level 1. HP: 14/14 MP: 1/1
   207 | D:1      | Reached XP level 2. HP: 11/19 MP: 2/2
   809 | D:2      | Reached XP level 3. HP: 7/23 MP: 3/3
  1261 | D:2      | Reached XP level 4. HP: 23/29 MP: 4/4
  1318 | D:2      | Reached ** piety under Trog
  1370 | D:2      | Found a snail-covered altar of Cheibriados.
  1767 | D:2      | Noticed Natasha
  1777 | D:2      | Killed Natasha
  1777 | D:2      | Reached skill level 4 in Fighting
  1803 | D:2      | Noticed Natasha
  1821 | D:2      | Killed Natasha
  1821 | D:2      | Reached XP level 5. HP: 10/33 MP: 5/5
  1931 | D:2      | Noticed Natasha
  1943 | D:2      | Killed Natasha
  2181 | D:3      | Noticed Robin
  2196 | D:3      | Killed Robin
  2351 | D:3      | Found a stormy altar of Qazlal.
  2407 | D:3      | Reached XP level 6. HP: 39/39 MP: 6/6
  2435 | D:3      | Noticed Sigmund
  2466 | D:3      | Killed Sigmund
  2504 | D:3      | Noticed Jessica
  2516 | D:3      | Killed Jessica
  2516 | D:3      | Reached *** piety under Trog
  2516 | D:3      | Reached skill level 5 in Fighting
  2516 | D:3      | Reached XP level 7. HP: 31/44 MP: 7/7
  2807 | D:4      | Got a smoking iron ring
  2846 | D:4      | Identified the ring "Duibaim" {*Tele Int-2 Dex+4} (You
                  | found it on level 4 of the Dungeon)
  2967 | D:4      | Slain by a gnoll

Skill      XL: |  1  2  3  4  5  6 |
---------------+-------------------+-----
Dodging        | 2 3 |  3.5
Axes           | 3 4 |  4.4
Armour         | 3 4 |  4.7
Fighting       | 4 5 |  5.3

Action                   |  1- 3 |  4- 6 |  7- 9 || total
-------------------------+-------+-------+-------++-------
Melee: Hand axe          |   110 |   160 |    46 ||   316
Invok: Berserk           |       |     3 |     1 ||     4
       Trog's Hand       |       |     1 |       ||     1
  Eat: Chunk             |     1 |     8 |       ||     9
Armor: Animal skin       |    41 |    24 |       ||    65
       Chain mail        |       |    27 |    48 ||    75
Dodge: Dodged            |    63 |    97 |    58 ||   218
